Inferno vs Mulligans
Created - April 12, 2020 at 19:12
Goals
|
| Inferno |
4 |
2 |
1 |
7 |
| Mulligans |
1 |
4 |
1 |
6 |
|
Shots
|
| Inferno |
10 |
12 |
10 |
32 |
| Mulligans |
9 |
13 |
15 |
37 |
|
1st period
1. Mulligans , Matt Beleskey 31 (Jonathan Ferland 53) at 9:12
2. Inferno , Tanner Pearson 40 (Jimmy Hayes 33, Anders Lee 55) at 9:22
3. Inferno , Philip Varone 18 (Matthew Nieto 24, Kevin Labanc 42) at 10:00
4. Inferno , Barclay Goodrow 9 (Peter Cehlarik 6, Mathieu Brodeur 12) at 17:23
5. Inferno , Ryan Spooner 10 (Tanner Pearson 49) at 18:37
Penalties :
No Penalty
2nd period
6. Inferno , Kevin Labanc 28 (Anders Lee 56, Tanner Pearson 50) at 1:22 (PP)
7. Mulligans , Anton Lander 35 (Cody Goloubef 45, Jonathan Ferland 54) at 3:03
8. Mulligans , Sam Bennett 12 (Joonas Donskoi 24, Sven Baertschi 17) at 8:32
9. Mulligans , Anton Lander 36 (Reid Boucher 4) at 11:11
10. Inferno , Anders Lee 43 (Jimmy Hayes 34) at 18:46
11. Mulligans , Jonathan Ferland 37 (Anton Lander 85) at 18:54
Penalties :
Darren Dietz (Rep) for Hooking (Minor) at 0:53
3rd period
12. Inferno , Philip Varone 19 (Kevin Labanc 43) at 6:28
13. Mulligans , Logan Shaw 32 (Maxime Macenauer 37) at 10:33
Penalties :
Michael Sdao (Rep) for Holding (Minor) at 8:18, Matt Beleskey (Rep) for Interference (Minor) at 10:42
Goalie Stats
Michael Hutchinson (Anc), 31 saves from 37 shots - (0.838), W, 12-14-1, 60:00 minutes
Calvin Pickard (Rep), 5 saves from 9 shots - (0.556), 18:37 minutes
Juuse Saros (Rep), 20 saves from 23 shots - (0.870), L, 7-13-2, 40:37 minutes
Players Stats for Inferno
Player Name G A P +/- PIM S H SB GA TA FO MP PP MP PK MP
------------------------------------------------------------------------------------
Anders Lee 1 2 3 1 0 2 2 0 0 1 18/37 22:16 2:36 0:00
Barclay Goodrow 1 0 1 0 0 3 2 0 0 0 0/1 9:25 0:04 0:00
Christian Folin 0 0 0 -1 0 1 1 0 0 1 0/0 15:43 2:30 0:00
Colby Robak 0 0 0 0 0 1 4 2 0 3 0/0 23:26 2:30 0:00
David Savard 0 0 0 0 0 0 2 2 0 1 0/0 25:40 0:00 0:00
Esa Lindell 0 0 0 1 0 1 0 0 2 0 0/0 18:37 1:57 0:00
Frank Corrado 0 0 0 -1 0 0 0 1 0 0 0/0 13:27 0:00 0:00
Jimmy Hayes 0 2 2 1 0 3 4 0 0 1 2/3 19:40 0:00 0:00
Kevin Labanc 1 2 3 -1 0 3 2 0 1 0 0/0 17:34 2:36 0:00
Mathieu Brodeur 0 1 1 1 0 0 2 0 0 2 0/0 23:07 1:57 0:00
Matt Kassian 0 0 0 0 0 1 2 0 0 0 1/1 11:29 0:00 0:00
Matthew Nieto 0 1 1 -1 0 0 2 0 1 1 0/0 16:50 1:47 0:00
Peter Cehlarik 0 1 1 0 0 1 0 0 0 0 0/0 9:25 0:04 0:00
Philip Varone 2 0 2 -1 0 3 4 1 0 0 6/9 15:22 0:04 0:00
Ryan Spooner 1 0 1 0 0 6 1 0 2 0 5/6 9:01 0:00 0:00
Tanner Pearson 1 2 3 1 0 3 1 0 1 1 1/1 22:16 2:36 0:00
Tyler Shattock 0 0 0 0 0 3 0 1 0 0 0/0 13:21 1:47 0:00
Victor Rask 0 0 0 0 0 1 1 0 0 0 2/2 13:21 1:47 0:00
Players Stats for Mulligans
Player Name G A P +/- PIM S H SB GA TA FO MP PP MP PK MP
------------------------------------------------------------------------------------
Anton Lander 2 1 3 0 0 6 5 1 1 0 12/30 24:57 0:00 2:27
Ben Hutton 0 0 0 -2 0 1 2 0 2 1 0/0 20:22 0:00 1:49
Cody Goloubef 0 1 1 -2 0 1 1 1 2 1 0/0 26:05 0:00 2:52
Cristiano Digiacinto 0 0 0 0 0 0 0 0 0 0 0/0 2:25 0:00 1:11
Dalton Thrower 0 0 0 4 0 3 4 0 0 1 0/0 15:08 0:00 0:16
Darren Dietz 0 0 0 -2 2 2 0 1 0 0 0/0 19:08 0:00 1:29
Drayson Bowman 0 0 0 0 0 3 1 0 0 1 0/0 17:08 0:00 0:00
John Hayden 0 0 0 0 0 0 0 0 0 0 0/0 1:14 0:00 0:00
Jonathan Ferland 1 2 3 0 0 4 0 1 0 0 0/1 18:08 0:00 2:25
Jonny Brodzinski 0 0 0 0 0 0 0 0 0 0 2/2 2:22 0:00 0:00
Joonas Donskoi 0 1 1 0 0 1 2 2 1 0 0/0 13:27 0:00 0:00
Logan Shaw 1 0 1 0 0 3 0 1 0 0 0/0 17:08 0:00 0:00
Matt Beleskey 1 0 1 0 2 5 2 1 2 0 2/2 16:07 0:00 0:25
Maxime Macenauer 0 1 1 0 0 3 0 0 1 0 7/15 18:13 0:00 1:05
Michael Sdao 0 0 0 -2 2 1 5 3 0 2 0/0 24:44 0:00 1:38
Nick Moutrey 0 0 0 0 0 0 0 0 0 0 0/0 0:36 0:00 0:30
Reid Boucher 0 1 1 0 0 0 0 0 0 0 0/0 7:55 0:00 0:00
Robbie Russo 0 0 0 4 0 1 0 2 0 0 0/0 14:37 0:00 0:50
Robby Fabbri 0 0 0 0 0 0 0 0 0 1 0/4 7:55 0:00 0:00
Sam Bennett 1 0 1 0 0 1 1 0 0 0 2/6 13:27 0:00 0:00
Sven Baertschi 0 1 1 0 0 2 0 1 2 0 0/0 14:24 0:00 0:51
3 Stars
1 - Anton Lander (Rep)
2 - Anders Lee (Anc)
3 - Tanner Pearson (Anc)
Power Play
Inferno - 1 on 3 Attempt(s) - 33.33%
Mulligans - 0 on 0 Attempt(s) - 0.00%
Penalty Kill
Inferno - 0 on 0 Attempt(s) - 0.00%
- Score 0 goal in Penalty Kill
Mulligans - 2 on 3 Attempt(s) - 66.67%
- Score 0 goal in Penalty Kill
Team Stat
Inferno - Hits : 30 - Faceoff Wins : 35 - Blocked Shots : 7 - Penalty Minutes : 0
Mulligans - Hits : 23 - Faceoff Wins : 25 - Blocked Shots : 14 - Penalty Minutes : 6
Official
Referees : Unknown
Linesman : Unknown
Game Notes
Juuse Saros enters game at 18:37 of 1st period
Finance
Level 1 -- Attendance: 2000 (100.00%) -- Ticket Income $38,000
Level 2 -- Attendance: 1000 (100.00%) -- Ticket Income $9,000
Total Attendance: 3000 (100.00%)
Total Ticket Income: $47,000
Other Income: $2,350
Total Income: $49,350
Inferno
5 vs 5 Forward
Center Left Wing Right Wing Time % Phy DF OF
1 Anders Lee Tanner Pearson Jimmy Hayes 40 1 2 2
2 Philip Varone Matthew Nieto Kevin Labanc 30 1 2 2
3 Victor Rask Matt Kassian Tyler Shattock 20 1 2 2
4 Ryan Spooner Peter Cehlarik Barclay Goodrow 10 1 2 2
5 vs 5 Defense
Defense Defense Time % Phy DF OF
1 Colby Robak David Savard 40 1 2 2
2 Mathieu Brodeur Esa Lindell 30 1 2 2
3 Frank Corrado Christian Folin 20 1 2 2
4 Mathieu Brodeur David Savard 10 1 2 2
PowerPlay Forward
Center Left Wing Right Wing Time % Phy DF OF
1 Anders Lee Tanner Pearson Kevin Labanc 60 1 2 2
2 Victor Rask Matthew Nieto Tyler Shattock 40 1 2 2
PowerPlay Defense
Defense Defense Time % Phy DF OF
1 Colby Robak Christian Folin 60 1 2 2
2 Mathieu Brodeur Esa Lindell 40 1 2 2
Penalty Kill 4 Players Forward
Center Wing Time % Phy DF OF
1 Philip Varone Jimmy Hayes 60 1 2 2
2 Victor Rask Matt Kassian 40 1 2 2
Penalty Kill 4 Players Defense
Defense Defense Time % Phy DF OF
1 Colby Robak David Savard 60 1 2 2
2 Mathieu Brodeur Esa Lindell 40 1 2 2
Penalty Kill - 3 Players Forward
Forward Time % Phy DF OF
1 Jimmy Hayes 60 1 2 2
2 Anders Lee 40 1 2 2
Penalty Kill - 3 Players Defense
Defense Defense Time % Phy DF OF
1 Colby Robak David Savard 60 1 2 2
2 Mathieu Brodeur Esa Lindell 40 1 2 2
4 vs 4 Forward
Center Wing Time % Phy DF OF
1 Anders Lee Tanner Pearson 60 1 2 2
2 Philip Varone Jimmy Hayes 40 1 2 2
4 vs 4 Defense
Defense Defense Time % Phy DF OF
1 Colby Robak David Savard 60 1 2 2
2 Mathieu Brodeur Esa Lindell 40 1 2 2
Last Minutes Offensive
Center Left Wing Right Wing Defense Defense
Anders Lee Tanner Pearson Jimmy Hayes Colby Robak David Savard
Last Minutes Defensive
Center Left Wing Right Wing Defense Defense
Anders Lee Tanner Pearson Jimmy Hayes Colby Robak David Savard
Goaltenders
Starting : Michael Hutchinson
Backup : Christopher Gibson
Extra Forwards
Normal : Jimmy Hayes, Kevin Labanc, Matthew Nieto - PP : Matthew Nieto, Kevin Labanc - PK : Kevin Labanc
Extra Defensemen
Normal : Esa Lindell, Mathieu Brodeur, Christian Folin - PP : Esa Lindell - PK : Mathieu Brodeur, Christian Folin
Penalty Shots
Anders Lee, Tanner Pearson, Jimmy Hayes, Victor Rask, Kevin Labanc
Scratches
Chris Brown (Healthy), Trevor Carrick (Healthy), Petteri Lindbohm (Healthy), Bryan Rust (Healthy), Eric Karlsson (Healthy)
John Gilmour (Healthy), Vladimir Sobotka (Sprained Right Knee Injury), Ryan Donato (Healthy), Vladislav Kamenev (Healthy), Dominik Masin (Healthy)
Brandon Hickey (Healthy), Greg Pateryn (Healthy), Nathan Lieuwen (Healthy), Vitek Vanecek (Healthy)
Mulligans
5 vs 5 Forward
Center Left Wing Right Wing Time % Phy DF OF
1 Anton Lander Matt Beleskey Jonathan Ferland 40 1 2 2
2 Maxime Macenauer Drayson Bowman Logan Shaw 30 1 2 2
3 Sam Bennett Sven Baertschi Joonas Donskoi 20 1 2 2
4 Robby Fabbri Reid Boucher Anton Lander 10 1 2 2
5 vs 5 Defense
Defense Defense Time % Phy DF OF
1 Cody Goloubef Michael Sdao 40 1 2 2
2 Ben Hutton Darren Dietz 30 1 2 2
3 Dalton Thrower Robbie Russo 20 1 2 2
4 Cody Goloubef Michael Sdao 10 1 2 2
PowerPlay Forward
Center Left Wing Right Wing Time % Phy DF OF
1 Anton Lander Matt Beleskey Jonathan Ferland 60 1 2 2
2 Maxime Macenauer Drayson Bowman Logan Shaw 40 1 2 2
PowerPlay Defense
Defense Defense Time % Phy DF OF
1 Cody Goloubef Michael Sdao 60 1 2 2
2 Ben Hutton Darren Dietz 40 1 2 2
Penalty Kill 4 Players Forward
Center Wing Time % Phy DF OF
1 Anton Lander Jonathan Ferland 60 1 2 2
2 Matt Beleskey Maxime Macenauer 40 1 2 2
Penalty Kill 4 Players Defense
Defense Defense Time % Phy DF OF
1 Cody Goloubef Michael Sdao 60 1 2 2
2 Ben Hutton Darren Dietz 40 1 2 2
Penalty Kill - 3 Players Forward
Forward Time % Phy DF OF
1 Anton Lander 60 1 2 2
2 Jonathan Ferland 40 1 2 2
Penalty Kill - 3 Players Defense
Defense Defense Time % Phy DF OF
1 Cody Goloubef Michael Sdao 60 1 2 2
2 Ben Hutton Darren Dietz 40 1 2 2
4 vs 4 Forward
Center Wing Time % Phy DF OF
1 Anton Lander Jonathan Ferland 60 1 2 2
2 Matt Beleskey Maxime Macenauer 40 1 2 2
4 vs 4 Defense
Defense Defense Time % Phy DF OF
1 Cody Goloubef Michael Sdao 60 1 2 2
2 Ben Hutton Darren Dietz 40 1 2 2
Last Minutes Offensive
Center Left Wing Right Wing Defense Defense
Anton Lander Matt Beleskey Jonathan Ferland Cody Goloubef Michael Sdao
Last Minutes Defensive
Center Left Wing Right Wing Defense Defense
Anton Lander Matt Beleskey Jonathan Ferland Cody Goloubef Michael Sdao
Goaltenders
Starting : Calvin Pickard
Backup : Juuse Saros
Extra Forwards
Normal : Jonny Brodzinski, John Hayden, Cristiano Digiacinto - PP : Jonny Brodzinski, John Hayden - PK : Cristiano Digiacinto
Extra Defensemen
Normal : Dalton Thrower, Robbie Russo, Ben Hutton - PP : Dalton Thrower - PK : Robbie Russo, Ben Hutton
Penalty Shots
Anton Lander, Jonathan Ferland, Matt Beleskey, Maxime Macenauer, Drayson Bowman
Scratches
Valeri Nichushkin (Left Ankle Injury), Cade Fairchild (Strained Right Elbow Injury)
% Time on Ice - Inferno
Lines # - Real PCT - Wanted PCT - Time Play
Normal Forward
1 - 35% - 40% - 18:47
2 - 28% - 30% - 15:03
3 - 21% - 20% - 11:29
4 - 17% - 10% - 9:01
Normal Defense
1 - 38% - 40% - 20:51
2 - 29% - 30% - 15:32
3 - 24% - 20% - 13:13
4 - 9% - 10% - 4:44
PP Forward
1 - 60% - 60% - 2:40
2 - 40% - 40% - 1:47
PP Defense
1 - 56% - 60% - 2:30
2 - 44% - 40% - 1:57
PK Forward
1 - 0% - 60%
2 - 0% - 40%
PK Defense
1 - 0% - 60%
2 - 0% - 40%
PK3 Forward
1 - 0% - 60%
2 - 0% - 40%
PK3 Defense
1 - 0% - 60%
2 - 0% - 40%
44 Forward
1 - 0% - 60%
2 - 0% - 40%
44 Defense
1 - 0% - 60%
2 - 0% - 40%
Last Minute Offensive - 0:00
Last Minute Defensive - 1:13
Total
Forward - 60:00
Defense - 60:00
|
% Time on Ice - Mulligans
Lines # - Real PCT - Wanted PCT - Time Play
Normal Forward
1 - 29% - 40% - 15:49
2 - 32% - 30% - 17:08
3 - 25% - 20% - 13:27
4 - 15% - 10% - 7:55
Normal Defense
1 - 35% - 40% - 19:14
2 - 33% - 30% - 17:40
3 - 25% - 20% - 13:47
4 - 7% - 10% - 3:38
PP Forward
1 - 0% - 60%
2 - 0% - 40%
PP Defense
1 - 0% - 60%
2 - 0% - 40%
PK Forward
1 - 76% - 60% - 3:22
2 - 24% - 40% - 1:05
PK Defense
1 - 67% - 60% - 2:58
2 - 33% - 40% - 1:29
PK3 Forward
1 - 0% - 60%
2 - 0% - 40%
PK3 Defense
1 - 0% - 60%
2 - 0% - 40%
44 Forward
1 - 0% - 60%
2 - 0% - 40%
44 Defense
1 - 0% - 60%
2 - 0% - 40%
Last Minute Offensive - 1:14
Last Minute Defensive - 0:00
Total
Forward - 60:00
Defense - 60:00
|
Play-by-Play
1st period
0:01 of 1st period - Jimmy Hayes wins face-off versus Anton Lander in neutral zone.
0:10 of 1st period - Wrist shot by Jimmy Hayes.
0:10 of 1st period - Shot Misses the Net.
1:42 of 1st period - Off-side.
1:43 of 1st period - Philip Varone wins face-off versus Robby Fabbri in neutral zone.
2:10 of 1st period - Slapshot by Christian Folin.
2:10 of 1st period - Shot Misses the Net.
2:30 of 1st period - Snap shot by Matt Beleskey.
2:30 of 1st period - Shot Misses the Net.
2:32 of 1st period - Snap shot by Anton Lander.
2:32 of 1st period - Shot Misses the Net.
2:46 of 1st period - Wrist shot by Barclay Goodrow.
2:46 of 1st period - Shot Misses the Net.
3:26 of 1st period - Slapshot by Matt Beleskey.
3:26 of 1st period - Stopped by Michael Hutchinson with a rebound.
3:50 of 1st period - Wrist shot by Tyler Shattock.
3:50 of 1st period - Shot Misses the Net.
4:29 of 1st period - Snap shot by Sven Baertschi.
4:29 of 1st period - Shot Misses the Net.
5:09 of 1st period - Wrist shot by Tyler Shattock.
5:09 of 1st period - Stopped by Calvin Pickard without a rebound.
5:10 of 1st period - Anders Lee wins face-off versus Sam Bennett in Mulligans zone.
5:35 of 1st period - Dalton Thrower is hit by Colby Robak and loses puck.
5:46 of 1st period - Slapshot by Matthew Nieto.
5:46 of 1st period - Shot Misses the Net.
5:56 of 1st period - Matt Kassian is hit by Matt Beleskey and loses puck.
6:09 of 1st period - Wrist shot by Sven Baertschi.
6:09 of 1st period - Shot Misses the Net.
7:06 of 1st period - Snap shot by Matthew Nieto.
7:06 of 1st period - Shot Misses the Net.
8:09 of 1st period - Snap shot by Joonas Donskoi.
8:09 of 1st period - Shot Misses the Net.
8:13 of 1st period - Snap shot by Joonas Donskoi.
8:13 of 1st period - Stopped by Michael Hutchinson with a rebound.
8:15 of 1st period - Snap shot by Sven Baertschi.
8:15 of 1st period - Shot Misses the Net.
8:34 of 1st period - Snap shot by Matt Kassian.
8:34 of 1st period - Stopped by Calvin Pickard with a rebound.
8:36 of 1st period - Snap shot by Matt Kassian.
8:36 of 1st period - Shot Blocked by Anton Lander.
8:54 of 1st period - Slapshot by Tanner Pearson.
8:54 of 1st period - Shot Blocked by Sven Baertschi.
9:12 of 1st period - Snap shot by Matt Beleskey.
9:12 of 1st period - Goal by Matt Beleskey - Inferno : 0 - Mulligans : 1.
9:13 of 1st period - Anders Lee wins face-off versus Anton Lander in neutral zone.
9:22 of 1st period - Snap shot by Tanner Pearson.
9:22 of 1st period - Goal by Tanner Pearson - Inferno : 1 - Mulligans : 1.
9:23 of 1st period - Anders Lee wins face-off versus Anton Lander in neutral zone.
9:28 of 1st period - Snap shot by Anton Lander.
9:28 of 1st period - Stopped by Michael Hutchinson without a rebound.
9:29 of 1st period - Matt Beleskey wins face-off versus Anders Lee in Inferno zone.
9:40 of 1st period - Wrist shot by Matt Beleskey.
9:40 of 1st period - Shot Misses the Net.
9:42 of 1st period - Wrist shot by Cody Goloubef.
9:42 of 1st period - Deflect By Matt Beleskey.
9:42 of 1st period - Stopped by Michael Hutchinson with a rebound.
9:44 of 1st period - Wrist shot by Jonathan Ferland.
9:44 of 1st period - Stopped by Michael Hutchinson with a rebound.
10:00 of 1st period - Wrist shot by Philip Varone.
10:00 of 1st period - Goal by Philip Varone - Inferno : 2 - Mulligans : 1.
10:01 of 1st period - Matt Beleskey wins face-off versus Anders Lee in neutral zone.
10:06 of 1st period - Snap shot by Anton Lander.
10:06 of 1st period - Shot Hit the Post.
10:34 of 1st period - Snap shot by Matthew Nieto.
10:34 of 1st period - Shot Misses the Net.
10:36 of 1st period - Slapshot by Kevin Labanc.
10:36 of 1st period - Shot Misses the Net.
10:56 of 1st period - Wrist shot by Sven Baertschi.
10:56 of 1st period - Shot Misses the Net.
11:12 of 1st period - Anton Lander is hit by Barclay Goodrow and loses puck.
12:08 of 1st period - Philip Varone is hit by Joonas Donskoi and loses puck.
12:34 of 1st period - Snap shot by Tanner Pearson.
12:34 of 1st period - Shot Misses the Net.
12:40 of 1st period - Frank Corrado is hit by Michael Sdao and loses puck.
12:51 of 1st period - Anton Lander is hit by Ryan Spooner and loses puck.
13:31 of 1st period - Sven Baertschi is hit by David Savard and loses puck.
13:38 of 1st period - Slapshot by Matthew Nieto.
13:38 of 1st period - Shot Blocked by Joonas Donskoi.
13:40 of 1st period - Snap shot by Matthew Nieto.
13:40 of 1st period - Shot Blocked by Robbie Russo.
13:50 of 1st period - Robbie Russo is hit by Christian Folin and loses puck.
14:33 of 1st period - Wrist shot by Logan Shaw.
14:33 of 1st period - Stopped by Michael Hutchinson without a rebound.
14:34 of 1st period - Ryan Spooner wins face-off versus Maxime Macenauer in Inferno zone.
14:34 of 1st period - Ryan Spooner is hit by Michael Sdao.
15:01 of 1st period - Jonathan Ferland is hit by Mathieu Brodeur and loses puck.
15:18 of 1st period - Wrist shot by Anton Lander.
15:18 of 1st period - Shot Blocked by Philip Varone.
15:43 of 1st period - Icing by Tyler Shattock.
15:44 of 1st period - Ryan Spooner wins face-off versus Robby Fabbri in Inferno zone.
15:51 of 1st period - Christian Folin is hit by Dalton Thrower and loses puck.
16:26 of 1st period - Slapshot by Kevin Labanc.
16:26 of 1st period - Shot Blocked by Michael Sdao.
16:43 of 1st period - Colby Robak is hit by Sam Bennett and loses puck.
17:19 of 1st period - Slapshot by Ryan Spooner.
17:19 of 1st period - Stopped by Calvin Pickard with a rebound.
17:21 of 1st period - Slapshot by Mathieu Brodeur.
17:21 of 1st period - Deflect By Peter Cehlarik.
17:21 of 1st period - Stopped by Calvin Pickard with a rebound.
17:23 of 1st period - Wrist shot by Barclay Goodrow.
17:23 of 1st period - Goal by Barclay Goodrow - Inferno : 3 - Mulligans : 1.
17:24 of 1st period - Anton Lander wins face-off versus Anders Lee in neutral zone.
17:33 of 1st period - Slapshot by Anton Lander.
17:33 of 1st period - Shot Misses the Net.
18:01 of 1st period - Logan Shaw is hit by Philip Varone and loses puck.
18:23 of 1st period - Snap shot by Matt Kassian.
18:23 of 1st period - Shot Misses the Net.
18:25 of 1st period - Snap shot by Victor Rask.
18:25 of 1st period - Shot Misses the Net.
18:35 of 1st period - Snap shot by Ryan Spooner.
18:35 of 1st period - Stopped by Calvin Pickard with a rebound.
18:37 of 1st period - Wrist shot by Ryan Spooner.
18:37 of 1st period - Goal by Ryan Spooner - Inferno : 4 - Mulligans : 1.
18:37 of 1st period - Juuse Saros enters game.
18:38 of 1st period - Anders Lee wins face-off versus Anton Lander in neutral zone.
19:03 of 1st period - Kevin Labanc is hit by Michael Sdao and loses puck.
19:08 of 1st period - Snap shot by Logan Shaw.
19:08 of 1st period - Stopped by Michael Hutchinson without a rebound.
19:09 of 1st period - Maxime Macenauer wins face-off versus Philip Varone in Inferno zone.
19:36 of 1st period - Icing by Kevin Labanc.
19:37 of 1st period - Anton Lander wins face-off versus Philip Varone in Inferno zone.
19:38 of 1st period - Slapshot by Matt Beleskey.
19:38 of 1st period - Stopped by Michael Hutchinson with a rebound.
19:50 of 1st period - Snap shot by Philip Varone.
19:50 of 1st period - Shot Blocked by Matt Beleskey.
19:52 of 1st period - Snap shot by Kevin Labanc.
19:52 of 1st period - Shot Blocked by Cody Goloubef.
19:54 of 1st period - Snap shot by Kevin Labanc.
19:54 of 1st period - Stopped by Juuse Saros without a rebound.
19:55 of 1st period - Maxime Macenauer wins face-off versus Anders Lee in Mulligans zone.
Goals for this period are 4 for Inferno vs 1 for Mulligans.
Shots for this period are 10 for Inferno vs 9 for Mulligans.
2nd period
0:01 of 2nd period - Anton Lander wins face-off versus Anders Lee in neutral zone.
0:33 of 2nd period - Snap shot by Philip Varone.
0:33 of 2nd period - Shot Blocked by Logan Shaw.
0:53 of 2nd period - Minor Penalty to Darren Dietz for Hooking.
0:54 of 2nd period - Anders Lee wins face-off versus Anton Lander in Mulligans zone.
1:00 of 2nd period - Slapshot by Kevin Labanc.
1:00 of 2nd period - Shot Misses the Net.
1:02 of 2nd period - Slapshot by Colby Robak.
1:02 of 2nd period - Shot Blocked by Michael Sdao.
1:04 of 2nd period - Snap shot by Tanner Pearson.
1:04 of 2nd period - Stopped by Juuse Saros with a rebound.
1:06 of 2nd period - Slapshot by Colby Robak.
1:06 of 2nd period - Deflect By Tanner Pearson.
1:06 of 2nd period - Stopped by Juuse Saros without a rebound.
1:07 of 2nd period - Anton Lander wins face-off versus Anders Lee in Mulligans zone.
1:22 of 2nd period - Slapshot by Anders Lee.
1:22 of 2nd period - Deflect By Kevin Labanc.
1:22 of 2nd period - Goal by Kevin Labanc - Inferno : 5 - Mulligans : 1.
1:23 of 2nd period - Anton Lander wins face-off versus Anders Lee in neutral zone.
1:33 of 2nd period - Snap shot by Jimmy Hayes.
1:33 of 2nd period - Stopped by Juuse Saros without a rebound.
1:34 of 2nd period - Anders Lee wins face-off versus Anton Lander in Mulligans zone.
1:59 of 2nd period - Cody Goloubef is hit by Philip Varone and loses puck.
2:20 of 2nd period - Slapshot by Ryan Spooner.
2:20 of 2nd period - Stopped by Juuse Saros without a rebound.
2:21 of 2nd period - Ryan Spooner wins face-off versus Anton Lander in Mulligans zone.
2:33 of 2nd period - Wrist shot by Matt Beleskey.
2:33 of 2nd period - Deflect By Jonathan Ferland.
2:33 of 2nd period - Shot Misses the Net.
2:33 of 2nd period - Puck is out of play.
2:34 of 2nd period - Anders Lee wins face-off versus Anton Lander in Inferno zone.
2:34 of 2nd period - Anders Lee is hit by Anton Lander.
2:49 of 2nd period - Off-side.
2:50 of 2nd period - Philip Varone wins face-off versus Anton Lander in neutral zone.
2:53 of 2nd period - Snap shot by Kevin Labanc.
2:53 of 2nd period - Shot Misses the Net.
2:59 of 2nd period - Snap shot by Anton Lander.
2:59 of 2nd period - Shot Blocked by Colby Robak.
3:01 of 2nd period - Snap shot by Cody Goloubef.
3:01 of 2nd period - Shot Misses the Net.
3:03 of 2nd period - Snap shot by Anton Lander.
3:03 of 2nd period - Goal by Anton Lander - Inferno : 5 - Mulligans : 2.
3:04 of 2nd period - Anton Lander wins face-off versus Anders Lee in neutral zone.
3:15 of 2nd period - Michael Sdao is hit by Anders Lee and loses puck.
3:30 of 2nd period - Esa Lindell is hit by Cody Goloubef and loses puck.
4:07 of 2nd period - Icing by Sam Bennett.
4:08 of 2nd period - Ryan Spooner wins face-off versus Sam Bennett in Mulligans zone.
5:09 of 2nd period - Snap shot by Matt Beleskey.
5:09 of 2nd period - Stopped by Michael Hutchinson with a rebound.
5:11 of 2nd period - Wrist shot by Michael Sdao.
5:11 of 2nd period - Stopped by Michael Hutchinson without a rebound.
5:12 of 2nd period - Maxime Macenauer wins face-off versus Anders Lee in Inferno zone.
5:13 of 2nd period - Slapshot by Drayson Bowman.
5:13 of 2nd period - Shot Blocked by Colby Robak.
5:15 of 2nd period - Snap shot by Maxime Macenauer.
5:15 of 2nd period - Stopped by Michael Hutchinson with a rebound.
5:17 of 2nd period - Snap shot by Drayson Bowman.
5:17 of 2nd period - Stopped by Michael Hutchinson with a rebound.
5:23 of 2nd period - Snap shot by Maxime Macenauer.
5:23 of 2nd period - Stopped by Michael Hutchinson without a rebound.
5:24 of 2nd period - Anders Lee wins face-off versus Jonathan Ferland in Inferno zone.
5:24 of 2nd period - Anders Lee is hit by Anton Lander.
5:50 of 2nd period - Darren Dietz is hit by Philip Varone and loses puck.
6:17 of 2nd period - Anton Lander is hit by Matt Kassian and loses puck.
6:39 of 2nd period - Slapshot by David Savard.
6:39 of 2nd period - Shot Misses the Net.
6:41 of 2nd period - Snap shot by Ryan Spooner.
6:41 of 2nd period - Deflect By Barclay Goodrow.
6:41 of 2nd period - Stopped by Juuse Saros without a rebound.
6:42 of 2nd period - Anders Lee wins face-off versus Maxime Macenauer in Mulligans zone.
6:45 of 2nd period - Wrist shot by Anders Lee.
6:45 of 2nd period - Stopped by Juuse Saros without a rebound.
6:46 of 2nd period - Maxime Macenauer wins face-off versus Anders Lee in Mulligans zone.
7:11 of 2nd period - Darren Dietz is hit by Kevin Labanc and loses puck.
7:18 of 2nd period - Slapshot by Philip Varone.
7:18 of 2nd period - Stopped by Juuse Saros with a rebound.
7:36 of 2nd period - Colby Robak is hit by Michael Sdao.
7:52 of 2nd period - Michael Sdao is hit by Colby Robak and loses puck.
8:13 of 2nd period - Reid Boucher is hit by Jimmy Hayes and loses puck.
8:32 of 2nd period - Wrist shot by Joonas Donskoi.
8:32 of 2nd period - Deflect By Sam Bennett.
8:32 of 2nd period - Goal by Sam Bennett - Inferno : 5 - Mulligans : 3.
8:33 of 2nd period - Anders Lee wins face-off versus Anton Lander in neutral zone.
8:36 of 2nd period - Anton Lander is hit by Mathieu Brodeur and loses puck.
9:32 of 2nd period - Slapshot by Christian Folin.
9:32 of 2nd period - Shot Blocked by Joonas Donskoi.
9:47 of 2nd period - Off-side.
9:48 of 2nd period - Ryan Spooner wins face-off versus Robby Fabbri in neutral zone.
10:04 of 2nd period - Anton Lander is hit by Colby Robak and loses puck.
10:43 of 2nd period - Slapshot by Robby Fabbri.
10:43 of 2nd period - Shot Misses the Net.
10:45 of 2nd period - Slapshot by Robbie Russo.
10:45 of 2nd period - Shot Blocked by David Savard.
10:47 of 2nd period - Snap shot by Robbie Russo.
10:47 of 2nd period - Deflect By Barclay Goodrow.
10:47 of 2nd period - Stopped by Michael Hutchinson with a rebound.
11:11 of 2nd period - Snap shot by Anton Lander.
11:11 of 2nd period - Goal by Anton Lander - Inferno : 5 - Mulligans : 4.
11:12 of 2nd period - Jimmy Hayes wins face-off versus Maxime Macenauer in neutral zone.
11:40 of 2nd period - Off-side.
11:41 of 2nd period - Philip Varone wins face-off versus Sam Bennett in neutral zone.
11:50 of 2nd period - Snap shot by Kevin Labanc.
11:50 of 2nd period - Stopped by Juuse Saros without a rebound.
11:51 of 2nd period - Maxime Macenauer wins face-off versus Anders Lee in Mulligans zone.
11:58 of 2nd period - Snap shot by Maxime Macenauer.
11:58 of 2nd period - Stopped by Michael Hutchinson without a rebound.
11:59 of 2nd period - Anders Lee wins face-off versus Maxime Macenauer in Inferno zone.
12:09 of 2nd period - Wrist shot by Logan Shaw.
12:09 of 2nd period - Deflect By Drayson Bowman.
12:09 of 2nd period - Stopped by Michael Hutchinson without a rebound.
12:10 of 2nd period - Anders Lee wins face-off versus Anton Lander in Inferno zone.
12:10 of 2nd period - Anders Lee is hit by Michael Sdao.
12:18 of 2nd period - Cody Goloubef is hit by David Savard and loses puck.
12:43 of 2nd period - Snap shot by Drayson Bowman.
12:43 of 2nd period - Stopped by Michael Hutchinson without a rebound.
12:44 of 2nd period - Philip Varone wins face-off versus Maxime Macenauer in Inferno zone.
13:11 of 2nd period - Maxime Macenauer is hit by Matt Kassian and loses puck.
13:39 of 2nd period - Darren Dietz is hit by Jimmy Hayes and loses puck.
14:19 of 2nd period - Robby Fabbri is hit by Matthew Nieto and loses puck.
14:28 of 2nd period - Philip Varone is hit by Anton Lander and loses puck.
15:54 of 2nd period - Off-side.
15:55 of 2nd period - Anders Lee wins face-off versus Maxime Macenauer in neutral zone.
16:00 of 2nd period - Wrist shot by Jimmy Hayes.
16:00 of 2nd period - Shot Blocked by Michael Sdao.
16:12 of 2nd period - Anders Lee is hit by Drayson Bowman and loses puck.
16:29 of 2nd period - Colby Robak is hit by Dalton Thrower and loses puck.
17:40 of 2nd period - Wrist shot by Tyler Shattock.
17:40 of 2nd period - Stopped by Juuse Saros with a rebound.
17:42 of 2nd period - Wrist shot by Tyler Shattock.
17:42 of 2nd period - Deflect By Victor Rask.
17:42 of 2nd period - Shot Blocked by Jonathan Ferland.
17:42 of 2nd period - Puck is out of play.
17:43 of 2nd period - Sam Bennett wins face-off versus Anders Lee in Mulligans zone.
18:09 of 2nd period - Off-side.
18:10 of 2nd period - Victor Rask wins face-off versus Maxime Macenauer in neutral zone.
18:35 of 2nd period - Jonathan Ferland is hit by Jimmy Hayes and loses puck.
18:40 of 2nd period - Slapshot by Christian Folin.
18:40 of 2nd period - Stopped by Juuse Saros without a rebound.
18:41 of 2nd period - Anders Lee wins face-off versus Anton Lander in Mulligans zone.
18:46 of 2nd period - Wrist shot by Anders Lee.
18:46 of 2nd period - Goal by Anders Lee - Inferno : 6 - Mulligans : 4.
18:47 of 2nd period - Anton Lander wins face-off versus Anders Lee in neutral zone.
18:54 of 2nd period - Wrist shot by Jonathan Ferland.
18:54 of 2nd period - Goal by Jonathan Ferland - Inferno : 6 - Mulligans : 5.
18:55 of 2nd period - Tanner Pearson wins face-off versus Anton Lander in neutral zone.
19:00 of 2nd period - Snap shot by Jimmy Hayes.
19:00 of 2nd period - Shot Misses the Net.
19:21 of 2nd period - Jimmy Hayes is hit by Joonas Donskoi.
19:33 of 2nd period - Wrist shot by Sven Baertschi.
19:33 of 2nd period - Shot Hit the Post.
19:44 of 2nd period - David Savard is hit by Ben Hutton and loses puck.
Goals for this period are 2 for Inferno vs 4 for Mulligans.
Shots for this period are 12 for Inferno vs 13 for Mulligans.
3rd period
0:01 of 3rd period - Anton Lander wins face-off versus Anders Lee in neutral zone.
0:01 of 3rd period - Anton Lander is hit by Tanner Pearson.
0:25 of 3rd period - Logan Shaw is hit by Philip Varone.
0:31 of 3rd period - Wrist shot by Michael Sdao.
0:31 of 3rd period - Shot Blocked by David Savard.
0:51 of 3rd period - Icing by Matt Kassian.
0:52 of 3rd period - Matt Kassian wins face-off versus Anton Lander in Inferno zone.
0:57 of 3rd period - Snap shot by Matt Kassian.
0:57 of 3rd period - Shot Misses the Net.
1:48 of 3rd period - Off-side.
1:49 of 3rd period - Anders Lee wins face-off versus Robby Fabbri in neutral zone.
2:04 of 3rd period - Slapshot by Ben Hutton.
2:04 of 3rd period - Shot Misses the Net.
2:56 of 3rd period - Peter Cehlarik is hit by Matt Beleskey and loses puck.
3:43 of 3rd period - Off-side.
3:44 of 3rd period - Sam Bennett wins face-off versus Philip Varone in neutral zone.
3:49 of 3rd period - Slapshot by Darren Dietz.
3:49 of 3rd period - Deflect By Esa Lindell.
3:49 of 3rd period - Stopped by Michael Hutchinson with a rebound.
3:51 of 3rd period - Slapshot by Darren Dietz.
3:51 of 3rd period - Stopped by Michael Hutchinson with a rebound.
3:53 of 3rd period - Wrist shot by Sven Baertschi.
3:53 of 3rd period - Stopped by Michael Hutchinson without a rebound.
3:54 of 3rd period - Anton Lander wins face-off versus Jimmy Hayes in Inferno zone.
4:10 of 3rd period - Snap shot by Jimmy Hayes.
4:10 of 3rd period - Shot Misses the Net.
5:41 of 3rd period - Tanner Pearson is hit by Anton Lander.
5:55 of 3rd period - Dalton Thrower is hit by Matthew Nieto.
6:20 of 3rd period - Snap shot by Esa Lindell.
6:20 of 3rd period - Deflect By Victor Rask.
6:20 of 3rd period - Stopped by Juuse Saros without a rebound.
6:21 of 3rd period - Philip Varone wins face-off versus Anton Lander in Mulligans zone.
6:28 of 3rd period - Slapshot by Philip Varone.
6:28 of 3rd period - Goal by Philip Varone - Inferno : 7 - Mulligans : 5.
6:29 of 3rd period - Anders Lee wins face-off versus Anton Lander in neutral zone.
6:34 of 3rd period - Snap shot by Jimmy Hayes.
6:34 of 3rd period - Stopped by Juuse Saros without a rebound.
6:35 of 3rd period - Anton Lander wins face-off versus Anders Lee in Mulligans zone.
6:50 of 3rd period - Slapshot by Jimmy Hayes.
6:50 of 3rd period - Stopped by Juuse Saros with a rebound.
7:24 of 3rd period - Ben Hutton is hit by Victor Rask and loses puck.
7:31 of 3rd period - Snap shot by Tyler Shattock.
7:31 of 3rd period - Stopped by Juuse Saros with a rebound.
7:33 of 3rd period - Snap shot by Tyler Shattock.
7:33 of 3rd period - Shot Misses the Net.
8:11 of 3rd period - Slapshot by Peter Cehlarik.
8:11 of 3rd period - Shot Blocked by Darren Dietz.
8:13 of 3rd period - Snap shot by Christian Folin.
8:13 of 3rd period - Deflect By Ryan Spooner.
8:13 of 3rd period - Stopped by Juuse Saros without a rebound.
8:14 of 3rd period - Maxime Macenauer wins face-off versus Ryan Spooner in Mulligans zone.
8:18 of 3rd period - Minor Penalty to Michael Sdao for Holding.
8:19 of 3rd period - Anton Lander wins face-off versus Anders Lee in Mulligans zone.
8:19 of 3rd period - Anton Lander is hit by Anders Lee.
8:33 of 3rd period - Wrist shot by Kevin Labanc.
8:33 of 3rd period - Shot Blocked by Robbie Russo.
8:35 of 3rd period - Slapshot by Colby Robak.
8:35 of 3rd period - Stopped by Juuse Saros with a rebound.
9:15 of 3rd period - Snap shot by Darren Dietz.
9:15 of 3rd period - Deflect By Sven Baertschi.
9:15 of 3rd period - Stopped by Michael Hutchinson with a rebound.
10:17 of 3rd period - Esa Lindell is hit by Dalton Thrower.
10:18 of 3rd period - Penalty to Michael Sdao is over, Michael Sdao is back on ice.
10:29 of 3rd period - Slapshot by Cody Goloubef.
10:29 of 3rd period - Stopped by Michael Hutchinson without a rebound.
10:30 of 3rd period - Maxime Macenauer wins face-off versus Barclay Goodrow in Inferno zone.
10:33 of 3rd period - Snap shot by Logan Shaw.
10:33 of 3rd period - Goal by Logan Shaw - Inferno : 7 - Mulligans : 6.
10:34 of 3rd period - Anders Lee wins face-off versus Anton Lander in neutral zone.
10:42 of 3rd period - Minor Penalty to Matt Beleskey for Interference.
10:43 of 3rd period - Anton Lander wins face-off versus Anders Lee in Mulligans zone.
10:43 of 3rd period - Anton Lander is hit by Kevin Labanc.
10:50 of 3rd period - Snap shot by Anders Lee.
10:50 of 3rd period - Shot Misses the Net.
11:04 of 3rd period - Anton Lander is hit by Colby Robak and loses puck.
12:42 of 3rd period - Penalty to Matt Beleskey is over, Matt Beleskey is back on ice.
13:27 of 3rd period - Maxime Macenauer is hit by Barclay Goodrow and loses puck.
14:54 of 3rd period - Peter Cehlarik is hit by Anton Lander.
15:01 of 3rd period - Icing by Frank Corrado.
15:02 of 3rd period - Philip Varone wins face-off versus Sam Bennett in Inferno zone.
15:26 of 3rd period - Wrist shot by Drayson Bowman.
15:26 of 3rd period - Shot Misses the Net.
15:32 of 3rd period - Ben Hutton is hit by Jimmy Hayes and loses puck.
16:52 of 3rd period - Snap shot by Ryan Spooner.
16:52 of 3rd period - Stopped by Juuse Saros with a rebound.
16:54 of 3rd period - Snap shot by Barclay Goodrow.
16:54 of 3rd period - Stopped by Juuse Saros with a rebound.
16:56 of 3rd period - Slapshot by Esa Lindell.
16:56 of 3rd period - Stopped by Juuse Saros without a rebound.
16:57 of 3rd period - Victor Rask wins face-off versus Anton Lander in Mulligans zone.
17:14 of 3rd period - Matt Kassian is hit by Dalton Thrower and loses puck.
17:21 of 3rd period - Slapshot by Anton Lander.
17:21 of 3rd period - Stopped by Michael Hutchinson with a rebound.
17:31 of 3rd period - Snap shot by Jonathan Ferland.
17:31 of 3rd period - Stopped by Michael Hutchinson with a rebound.
17:33 of 3rd period - Snap shot by Matt Beleskey.
17:33 of 3rd period - Shot Blocked by Tyler Shattock.
17:35 of 3rd period - Snap shot by Matt Beleskey.
17:35 of 3rd period - Shot Misses the Net.
17:37 of 3rd period - Slapshot by Anton Lander.
17:37 of 3rd period - Shot Misses the Net.
17:39 of 3rd period - Snap shot by Anton Lander.
17:39 of 3rd period - Shot Misses the Net.
17:41 of 3rd period - Wrist shot by Jonathan Ferland.
17:41 of 3rd period - Shot Blocked by Frank Corrado.
17:51 of 3rd period - Slapshot by Jonathan Ferland.
17:51 of 3rd period - Stopped by Michael Hutchinson with a rebound.
18:09 of 3rd period - Slapshot by Anton Lander.
18:09 of 3rd period - Stopped by Michael Hutchinson with a rebound.
18:11 of 3rd period - Wrist shot by Dalton Thrower.
18:11 of 3rd period - Deflect By Anton Lander.
18:11 of 3rd period - Stopped by Michael Hutchinson with a rebound.
18:13 of 3rd period - Wrist shot by Matt Beleskey.
18:13 of 3rd period - Shot Misses the Net.
18:15 of 3rd period - Slapshot by Dalton Thrower.
18:15 of 3rd period - Stopped by Michael Hutchinson without a rebound.
18:16 of 3rd period - Anders Lee wins face-off versus Maxime Macenauer in Inferno zone.
19:14 of 3rd period - Mulligans, Juuse Saros is pulled from the net.
19:28 of 3rd period - Tanner Pearson is hit by Ben Hutton.
19:50 of 3rd period - Wrist shot by Dalton Thrower.
19:50 of 3rd period - Shot Misses the Net.
19:52 of 3rd period - Slapshot by Dalton Thrower.
19:52 of 3rd period - Shot Misses the Net.
19:54 of 3rd period - Slapshot by Dalton Thrower.
19:54 of 3rd period - Stopped by Michael Hutchinson without a rebound.
19:55 of 3rd period - Paul Maurice call a timeout for Mulligans.
19:55 of 3rd period - Jonny Brodzinski wins face-off versus Anders Lee in Inferno zone.
19:56 of 3rd period - Slapshot by Ben Hutton.
19:56 of 3rd period - Deflect By Anders Lee.
19:56 of 3rd period - Stopped by Michael Hutchinson with a rebound.
19:58 of 3rd period - Slapshot by Dalton Thrower.
19:58 of 3rd period - Stopped by Michael Hutchinson without a rebound.
19:59 of 3rd period - Jonny Brodzinski wins face-off versus Anders Lee in Inferno zone.
Goals for this period are 1 for Inferno vs 1 for Mulligans.
Shots for this period are 10 for Inferno vs 15 for Mulligans.
Back to the Top